 Dungeon Crawl Stone Soup version 0.29.1-2-gbd0b4ee654 (webtiles) character file.

Game seed: 15657573804283135764

4606 Godmorgon the Envoy of Void (level 10, -4/79 HPs)
             Began as a Formicid Abyssal Knight on Oct 24, 2022.
             Was a High Priest of Lugonu.
             Slain by an orc warrior
             ... wielding a +0 battleaxe
              (19 damage)
             ... on level 10 of the Dungeon.
             The game lasted 00:51:06 (11152 turns).

Godmorgon the Envoy of Void (FoAK)                 Turns: 11152, Time: 00:51:07

Health: -4/79      AC: 12    Str: 23    XL:     10   Next: 69%
Magic:  17/17      EV:  6    Int:  9    God:    Lugonu [*****.]
Gold:   548        SH: 17    Dex: 20    Spells: 9/9 levels left

rFire   . . .      SeeInvis +   a - +0 dire flail
rCold   . . .      Faith    .   v - +0 tower shield
rNeg    + . .      Spirit   .   f - +1 chain mail {rN+}
rPois   .          Reflect  .   (helmet unavailable)
rElec   .          Harm     .   e - +0 cloak
rCorr   .          Rampage  .   (no gloves)
Will    +....                   E - +1 pair of boots {Fly}
Stlth   ..........              q - amulet of the acrobat
HPRegen 0.23/turn               g - +6 ring of dexterity
MPRegen 0.15/turn               (no ring)

@: flying
A: permanent stasis, dig shafts and tunnels, antennae 3, four strong arms
a: Dig, Shaft Self, Renounce Religion, Depart the Abyss, Bend Space, Banish,
Corrupt, Enter the Abyss


You were on level 10 of the Dungeon.
You worshipped Lugonu.
Lugonu was extremely pleased with you.
You visited 1 branch of the dungeon, and saw 10 of its levels.
You visited the Abyss 1 time.

You collected 548 gold pieces.

Inventory:

Hand Weapons
 a - a +0 dire flail (weapon)
 b - a +0 sling of flaming
 i - a +2 whip of electrocution
 u - a +0 giant spiked club
Missiles
 n - 16 poisoned darts (quivered)
 r - 6 javelins
 H - 3 atropa-tipped darts
Armour
 e - a +0 cloak (worn)
 f - a +1 chain mail of positive energy (worn)
 s - the +1 leather armour "Veguov" {-Cast rF+ Will+++ Int-2}
   (You found it on level 3 of the Dungeon)

   Int:       It affects your intelligence (-2).
   rF:        It protects you from fire.
   -Cast:     It prevents spellcasting.
   Will:      It greatly increases your willpower.
 v - a +0 tower shield (worn)
 E - a +1 pair of boots of flying (worn)
Jewellery
 g - a +6 ring of dexterity (left hand)
 q - an amulet of the acrobat (around neck)
Wands
 m - a wand of flame (44)
 I - a wand of mindburst (2)
Scrolls
 c - 2 scrolls of summoning
 h - a scroll of poison
 j - 3 scrolls of fear
 k - a scroll of brand weapon
 o - a scroll of magic mapping
 w - a scroll of immolation {unknown}
 y - a scroll of noise {unknown}
 A - a scroll of blinking {unknown}
 B - a scroll of enchant weapon {unknown}
 C - a scroll of amnesia {unknown}
 D - a scroll of vulnerability {unknown}
 J - a scroll of fog {unknown}
Potions
 d - 4 potions of mutation
 l - 2 potions of heal wounds
 p - a potion of curing
 t - a potion of magic {unknown}
 x - 2 potions of resistance
 z - a potion of invisibility {unknown}
 G - a potion of might {unknown}
 K - a potion of attraction {unknown}


   Skills:
 + Level 7.2 Fighting
 * Level 8.6 Maces & Flails
 - Level 2.1 Armour
 - Level 0.8 Dodging
 * Level 9.5 Shields
 * Level 9.9 Invocations


You had 9 spell levels left.
You didn't know any spells.
Your spell library was empty.

Dungeon Overview and Level Annotations

Branches:
Dungeon (10/15)            Temple (0/1) D:5
   Lair: D:8-11         Orc: D:9-12

Altars:
Ashenzari
Cheibriados
Dithmenos
Nemelex Xobeh
Trog
Wu Jian
Yredelemnul
Zin

Shops:
D:6 :   D:10 [


Innate Abilities, Weirdness & Mutations

You cannot be hasted, slowed, berserked, paralysed or teleported.
You can dig through walls and to a lower floor.
You have a pair of large antennae on your head. (SInv)
Your four strong arms can wield two-handed weapons with a shield.


Message History

You feel better. You block the orc's attack.
The orc wizard hits you but does no damage.
You block the orc warrior's attack.
You barely miss the orc wizard. The orc completely misses you.
You block the orc wizard's attack. You block the orc warrior's attack.
You hit the orc wizard.
The orc wizard is moderately wounded.
You block the orc's attack. You block the orc wizard's attack.
The orc warrior barely misses you.
You barely miss the orc wizard.
The orc wizard is moderately wounded.
The orc hits you but does no damage. You block the orc wizard's attack.
The orc warrior hits you but does no damage.
You puncture the orc wizard!
The orc wizard is almost dead.
You block the orc's attack.
The orc wizard hits you but does no damage.
You block the orc warrior's attack.
You sock the orc wizard!
You kill the orc wizard!
Lugonu accepts your kill. The orc hits you but does no damage.
You block the orc warrior's attack.
You closely miss the orc warrior. You block the orc's attack. x2
The orc warrior barely misses you.
You barely miss the orc warrior. You block the orc's attack.
The orc hits you but does no damage.
The orc warrior hits you with a +0 battleaxe!
You hit the orc warrior but do no damage.
The orc hits you but does no damage. You block the orc's attack.
The orc warrior hits you with a +0 battleaxe.
* * * LOW HITPOINT WARNING * * *
You closely miss the orc warrior. You block the orc's attack. x2
You block the orc warrior's attack.
You closely miss the orc warrior. You block the orc's attack. x2
The orc warrior hits you with a +0 battleaxe!
* * * LOW HITPOINT WARNING * * *
You hit the orc warrior but do no damage.
You block the orc's attack. The orc hits you but does no damage.
The orc warrior hits you with a +0 battleaxe!!
You die...

#.. ..# ### ..#
#.####.. ...#
##..##..# #..[#
#.....(.######....
##....#...##....#
.####.... #........#
......oo# #.>.∩)<.#
......o@####.......#
...#####(.##..######
#.........#
#.#######..# #.# .#
#.# # ###


You could see an orc warrior and 2 orcs.

Vanquished Creatures
  A two-headed ogre (D:10)
  A wyvern (D:9)
  A steam dragon (D:6)
  4 water moccasins
  3 acid dragons
  A sky beast (D:8)
  2 black bears
  4 ogres
  A centaur (D:5)
  3 kobold brigands
  A phantom (D:5)
  2 bullfrogs
  3 scorpions
  2 gnoll sergeants (D:8)
  A necrophage (D:7)
  5 killer bees (D:9)
  3 howler monkeys
  2 gnoll boudas
  2 orc priests
  4 jellies
  Crazy Yiuf (D:5)
  4 hounds
  Ijyb (D:3)
  4 iguanas
  8 orc wizards
  22 gnolls
  10 adders
  2 shadow imps
  3 white imps
  An ufetubus (D:6)
  7 dart slugs
  25 orcs
  9 endoplasms
  6 giant cockroaches
  7 goblins
  5 hobgoblins
  7 jackals
  6 quokkas
  10 ball pythons
  6 bats
  9 frilled lizards
  25 kobolds
  6 rats
  A spectral kobold (D:3)
231 creatures vanquished.

Notes
Turn   | Place    | Note
-------+----------+-------------------------------------------
     0 | Abyss:1  | Godmorgon the Formicid Abyssal Knight began the quest for
                  | the Orb.
     0 | Abyss:1  | Reached XP level 1. HP: 18/18 MP: 2/2
     7 | D:1      | Escaped the Abyss
    65 | D:1      | Reached XP level 2. HP: 6/24 MP: 3/3
   660 | D:1      | Reached XP level 3. HP: 15/29 MP: 4/4
   866 | D:1      | Reached *** piety under Lugonu
  1281 | D:2      | Identified the +7 dagger of the Gnashing Oracle {vorpal,
                  | Str+3}
  1360 | D:2      | Reached XP level 4. HP: 36/37 MP: 6/6
  2212 | D:2      | Reached **** piety under Lugonu
  2370 | D:3      | Found a faded altar of an unknown god.
  2575 | D:3      | Found a glowing silver altar of Zin.
  2612 | D:3      | Reached XP level 5. HP: 30/42 MP: 7/7
  2741 | D:3      | Noticed Ijyb
  2746 | D:3      | Killed Ijyb
  3110 | D:3      | Identified the +1 leather armour "Veguov" {-Cast rF+
                  | Will+++ Int-2}
  3205 | D:4      | Noticed an ogre
  3213 | D:4      | Killed an ogre
  3214 | D:4      | Reached XP level 6. HP: 49/49 MP: 7/9
  3366 | D:4      | Reached skill level 1 in Shields
  3615 | D:4      | Reached XP level 7. HP: 33/55 MP: 10/10
  3837 | D:4      | Reached skill level 5 in Invocations
  4034 | D:4      | Reached skill level 5 in Maces & Flails
  4282 | D:5      | Entered Level 5 of the Dungeon
  4294 | D:5      | Found a staircase to the Ecumenical Temple.
  4367 | D:5      | Noticed a water moccasin
  4460 | D:5      | Reached skill level 5 in Fighting
  4596 | D:5      | Reached XP level 8. HP: 49/62 MP: 12/12
  4754 | D:5      | Found a runed translucent door.
  4755 | D:5      | Noticed Crazy Yiuf
  4767 | D:5      | Killed Crazy Yiuf
  4951 | D:5      | Found a snail-covered altar of Cheibriados.
  5009 | D:5      | You fall into a shaft and drop 1 floor!
  5379 | D:5      | Reached skill level 5 in Shields
  5392 | D:5      | Reached ***** piety under Lugonu
  5825 | D:5      | Found an ornate altar of the Wu Jian Council.
  5827 | D:5      | Found a basalt altar of Yredelemnul.
  5831 | D:5      | Found a broken altar of Ashenzari.
  5920 | D:5      | Reached XP level 9. HP: 64/69 MP: 14/14
  6469 | D:6      | Found Buoschaf's Book Boutique.
  8220 | D:8      | Found a sparkling altar of Nemelex Xobeh.
  8685 | D:7      | Reached XP level 10. HP: 25/77 MP: 16/16
 10288 | D:8      | Found a bloodstained altar of Trog.
 10904 | D:9      | Identified the +10 falchion "Atafirch" {freeze, rN+}
 10990 | D:9      | Found a shadowy altar of Dithmenos.
 11101 | D:10     | Entered Level 10 of the Dungeon
 11101 | D:10     | Found Joapheocw's Antique Armour Shoppe.
 11107 | D:10     | Noticed a two-headed ogre
 11122 | D:10     | Killed a two-headed ogre
 11152 | D:10     | Slain by an orc warrior

Illustrated notes

Levels and vault maps discovered:
D:1:      minmay_arrival_shoal_huts, layout_rooms
D:2:      minmay_alternating_diamond, layout_basic, minmay_stone_trees_small,
          kennysheep_donut, serial_park_tiny_pond,
          minmay_randomly_rotated_circles
D:3:      layout_loops_cross, zin_academy,
          dreamdust_ecumenical_altar_drowned_temple, uniq_ijyb
D:4:      layout_cave_pools
D:5:      layout_loops_ring, mainiacjoe_overflow_alcove_4,
          minmay_overflow_temple_star_quad, minmay_temple_entry_offerings,
          kennysheep_diamond, kennysheep_decorative_pillar,
          uniq_crazy_yiuf_cottage
D:6:      layout_basic, serial_shops, nicolae_shop_window_shopping
D:7:      layout_loops_ring
D:8:      layout_gridville, nemelex_diamond_rough_becter,
          nicolae_overflow_hidden_temple, nicolae_kite_square_tiling_tiny,
          sigmund_army
D:9:      layout_roguey, mainiacjoe_overflow_alcove_2
D:10:     layout_layer_cave, nicolae_ru_awakened_eye, nicolae_stop_n_shop_2

Skill      XL: |  1  2  3  4  5  6  7  8  9 10 |
---------------+-------------------------------+-----
Maces & Flails | 3 4 5 6 7 8 |  8.6
Invocations    | 3 4 5 7 8 9 |  9.9
Fighting       | 4 5 6 7 |  7.2
Shields        | 2 3 5 7 9 |  9.5
Armour         | |  2.1
Dodging        | |  0.8

Action                   |  1- 3 |  4- 6 |  7- 9 | 10-12 || total
-------------------------+-------+-------+-------+-------++-------
Melee: Mace              |   115 |       |       |       ||   115
       Dagger            |     5 |    26 |       |       ||    31
       Whip              |       |   112 |    33 |       ||   145
       Punch             |       |     1 |       |       ||     1
       Dire flail        |       |       |   307 |   190 ||   497
 Fire: Sling             |     1 |       |       |       ||     1
Throw: Dart              |       |       |     2 |     6 ||     8
Invok: Bend Space        |       |       |     3 |       ||     3
Evoke: Wand              |       |     2 |    20 |     7 ||    29
  Use: Scroll            |       |       |     9 |     2 ||    11
       Potion            |       |       |     2 |     1 ||     3
Armor: Leather armour    |    33 |       |       |       ||    33
       Chain mail        |    20 |    74 |   144 |    48 ||   286
Dodge: Dodged            |    90 |    45 |   101 |    47 ||   283
Block: Tower shield      |       |    20 |   368 |   200 ||   588
